 Dungeon Crawl Stone Soup version 0.31-a0-234-gad7ace16ef (webtiles) character file.

Game seed: 10960718016367500040

49 Nattfarinn the Stinger (level 3, -2/24 HPs)
             Began as a Demonspawn Venom Mage on July 10, 2023.
             Killed by divine providence
             ... invoked by an orc priest
              (11 damage)
             ... on level 3 of the Dungeon.
             The game lasted 00:02:33 (1833 turns).

Nattfarinn the Stinger (Demonspawn Venom Mage)      Turns: 1833, Time: 00:02:34

Health: -2/24      AC:  3    Str:  8    XL:     3   Next: 53%
Magic:  7/7        EV: 12    Int: 18    God:
Gold:   104        SH:  0    Dex: 19    Spells: 6/7 levels left

rFire   . . .        f - +0 short sword (elec)
rCold   . . .        (no shield)
rNeg    . . .        a - +0 robe
rPois   .            (no helmet)
rElec   .            (no cloak)
rCorr   .            (no gloves)
SInv    .            l - +0 pair of boots
Will    .....        (no amulet)
Stlth   ++           j - ring of wizardry
HPRegen 0.24/turn    g - +6 ring of dexterity
MPRegen 0.10/turn

%: wizardry (x1)
@: no status effects
A: powered by pain 1, demonic magic 1
a: no special abilities


You were on level 3 of the Dungeon.
You visited 1 branch of the dungeon, and saw 3 of its levels.

You collected 104 gold pieces.

Inventory:

Hand Weapons
 e - a +0 sling
 f - a +0 short sword of electrocution (weapon)
Armour
 a - a +0 robe (worn)
 l - a +0 pair of boots (worn)
Jewellery
 g - a +6 ring of dexterity (right hand)
 j - a ring of wizardry (left hand)
 q - a ring of positive energy
Scrolls
 d - 2 scrolls of torment {unknown}
 i - a scroll of revelation {unknown}
 n - 2 scrolls of identify {unknown}
 p - a scroll of amnesia {unknown}
 s - a scroll of teleportation {unknown}
 t - a scroll of blinking {unknown}
 u - a scroll of immolation {unknown}
 v - a scroll of noise {unknown}
Potions
 b - a potion of magic
 c - 2 potions of degeneration {unknown}
 h - 3 potions of might {unknown}
 k - a potion of lignification {unknown}
 m - a potion of curing {unknown}
 o - 2 potions of enlightenment {unknown}
 r - 2 potions of berserk rage {unknown}


   Skills:
 - Level 1.7 Dodging
 - Level 1.7 Stealth
 + Level 2.6 Spellcasting
 - Level 0.8 Transmutations
 * Level 4.1 Poison Magic


You had 6 spell levels left.
You knew the following spells:

 Your Spells              Type           Power      Damage    Failure   Level
a - Sting                 Tmut/Pois      44%        1d5       2%          1

Your spell library contained the following spells:

 Spells                   Type           Power      Damage    Failure   Level
 Poisonous Vapours        Pois/Air       18%        N/A       4%          2
 Static Discharge         Conj/Air       4%         2-3/arc   11%         2
 Mephitic Cloud           Conj/Pois/Air  7%         N/A       12%         3
 Olgreb's Toxic Radiance  Pois           17%        N/A       12%         4
 Call Canine Familiar     Summ           2%         N/A       21%         3
 Portal Projectile        Hex/Tloc       4%         N/A       21%         3
 Airstrike                Air            1%         2d(1-17)  52%         4
 Leda's Liquefaction      Hex/Erth       1%         N/A       52%         4
 Summon Lightning Spire   Summ/Air       2%         N/A       52%         4


Dungeon Overview and Level Annotations

Branches:
Dungeon (3/15)

Altars:


Innate Abilities, Weirdness & Mutations

You sometimes gain a little power by taking damage.
Spells you cast may paralyse adjacent enemies.


Message History

The sting misses the orc.
The sting hits the orc.
The orc is poisoned.
The orc is severely wounded.
Malevolent energies surge around you.
The sting hits the orc.
The orc is poisoned.
The orc is almost dead.
Malevolent energies surge around you.
You kill the orc!
An orc priest comes into view. It is wielding a +0 dagger.
The sting misses the orc.
Malevolent energies surge around you.
The orc suddenly stops moving!
You kill the orc!
The sting hits the orc.
The orc is poisoned.
The orc is lightly wounded.
Malevolent energies surge around you.
The orc suddenly stops moving!
The sting hits the orc but does no damage.
The orc looks even sicker.
The orc is lightly wounded.
Malevolent energies surge around you.
The sting hits the orc but does no damage.
The orc looks even sicker.
The orc is moderately wounded.
Malevolent energies surge around you.
The helpless orc fails to defend itself.
You hit the orc. Lightning courses through the orc!
You kill the orc!
You closely miss the orc priest. The orc priest barely misses you.
You hit the orc priest.
The orc priest is moderately wounded.
The orc priest calls down the wrath of Beogh upon you.
Beogh smites you!
Ouch! That really hurt!
You focus on the pain.
You feel your power returning.
You barely miss the orc priest.
The orc priest is moderately wounded.
The orc priest looks encouraged for a moment.
You barely miss the orc priest.
The orc priest is moderately wounded.
The orc priest calls down the wrath of Beogh upon you.
Beogh smites you!
You die...

#.##.#######........
#.##.# #.###.### #.##.#
#.# ## #.##.# ##+##
#.##.# ##...## .....#
##.....## #..###
##.......## #.#
#...####.........##.....
.......+........@o).....
#...####........)##.....
#..## ##.......## ...
#.#.## ##.....## .
...#.## ##...## ....#.#
##'## .....## #...#
###.## #...# ##.##
#...########.


You could see an orc priest.

Vanquished Creatures
  An adder (D:2)
  2 worms (D:2)
  4 orcs (D:3)
  3 ball pythons (D:1)
  2 bats (D:1)
  A giant cockroach (D:2)
  A goblin (D:3)
  A hobgoblin (D:3)
  3 jackals (D:1)
  3 frilled lizards
  6 kobolds
  4 rats
31 creatures vanquished.

Notes
Turn   | Place    | Note
-------+----------+-------------------------------------------
     0 | D:1      | Nattfarinn the Demonspawn Venom Mage began the quest for
                  | the Orb.
     0 | D:1      | Reached XP level 1. HP: 13/13 MP: 3/3
   517 | D:1      | Gained mutation: Spells you cast may paralyse adjacent
                  | enemies. [demonic ancestry]
   517 | D:1      | Reached XP level 2. HP: 19/19 MP: 1/5
  1041 | D:2      | Gained mutation: You sometimes gain a little power by
                  | taking damage. [demonic ancestry]
  1041 | D:2      | Reached XP level 3. HP: 16/24 MP: 1/6
  1418 | D:2      | Reached skill level 4 in Poison Magic
  1833 | D:3      | Killed from afar by an orc priest

Illustrated notes

Levels and vault maps discovered:
D:1:      dpeg_arrival_houses_and_road, layout_basic,
          minmay_misc_feat_four_crosses, hangedman_decor_growths
D:2:      layout_loops_ring, basic_altar
D:3:      layout_loops_corners, grunt_temple_overflow_order_and_chaos_1

Skill      XL: |  1  2  3 |
---------------+----------+-----
Poison Magic   | 4 |  4.1
Dodging        | |  1.7
Stealth        | |  1.7
Spellcasting   | |  2.6
Transmutations | |  0.8

Action                     || total
---------------------------++-------
  Melee: Short sword       ||    29
   Fire: Sling             ||     3
   Cast: Sting             ||    45
   Stab: Paralysed         ||     5
 Armour: Robe              ||     7
  Dodge: Dodged            ||    20

Table legend: (Time is in decaauts)
 A = Elapsed time spent in this place.
 B = Non-inter-level travel time spent in this place.
 C = Inter-level travel time spent in this place.
 D = Time resting spent in this place.
 E = Time spent auto-exploring this place.
 F = Levels seen in this place.
 G = Mean time per level.
                   A        B        C        D        E       F      G
               +--------+--------+--------+--------+--------+-----+--------+
         Total |   1831 |   1742 |     89 |     44 |   1493 |   3 |  610.3 |
       Dungeon |   1831 |   1742 |     89 |     44 |   1493 |   3 |  610.3 |
               +--------+--------+--------+--------+--------+-----+--------+

Top non-repeatable levels by time:
     D:2: 800 daAuts
     D:1: 782 daAuts
     D:3: 248 daAuts
